 Dungeon Crawl Stone Soup version 0.18.1-1-g2f07953 (webtiles) character file.

8407 oplop the Transmogrifier (level 11, -6/90 HPs)
             Began as an Octopode Transmuter on May 7, 2016.
             Was a Follower of Cheibriados.
             Mangled by a four-headed hydra (15 damage)
             ... on level 11 of the Dungeon.
             The game lasted 00:30:07 (11549 turns).

oplop the Transmogrifier (Octopode Transmuter)     Turns: 11549, Time: 00:30:08

Health: -6/90      AC:  7    Str: 13    XL:     11   Next: 30%
Magic:  33/39      EV: 21    Int: 22    God:    Cheibriados [*.....]
Gold:   666        SH:  2    Dex: 22    Spells: 5 memorised, 8 levels left

rFire  x . .     SeeInvis .       - Unarmed
rCold  + + +     Gourm    .     (shield currently unavailable)
rNeg   . . .     Faith    .     (helmet currently unavailable)
rPois  +         Spirit   .     D - +2 amulet of reflection
rElec  .         Dismiss  .     j - ring of magical power
rCorr  .         Reflect  +     n - ring of sustain attributes
SustAt +         Harm     .     o - ring of protection from cold
MR     +....                    O - ring of magical power
Stlth  +++.......               (no ring)
                                (no ring)
                                (no ring)
                                (no ring)

@: agile, ice-form, very slow, somewhat resistant to hostile enchantments,
fairly stealthy
A: almost no armour, amphibious, 8 rings, (constrict 8), (tentacle spike 0),
(camouflage 0), agile 1, (fire resistance 0), magic resistance 1, screaming 1,
(gelatinous body 0)
a: End Transformation, Bend Time, Renounce Religion


You were on level 11 of the Dungeon.
You worshipped Cheibriados.
Cheibriados was aware of your devotion.
You were not hungry.
You were a creature of crystalline ice.
You visited 2 branches of the dungeon, and saw 12 of its levels.

You collected 666 gold pieces.

Inventory:

Hand Weapons
 w - a cursed +1 blowgun
Missiles
 a - 269 arrows
 x - 45 poisoned needles
Jewellery
 j - a ring of magical power (left front paw)
 n - a ring of sustain attributes (right front paw)
 o - a ring of protection from cold (on tentacle)
 q - an uncursed amulet of faith
 D - a +2 amulet of reflection (around neck)
 L - an uncursed amulet of regeneration
 O - a ring of magical power (on tentacle)
Wands
 f - a wand of flame (21/48)
 g - a wand of lightning (15/15)
 z - a wand of acid (2/15)
 A - a wand of iceblast (9/15)
 C - a wand of disintegration (12/24)
 M - a wand of polymorph (12/24)
Scrolls
 e - 6 scrolls of identify
 l - a scroll of enchant armour
 m - 8 scrolls of remove curse
 t - 2 scrolls of magic mapping
 v - 3 scrolls of enchant weapon
 y - 3 scrolls of recharging
 G - a scroll of fog
 Q - a scroll of amnesia
Potions
 d - a potion of flight
 i - a potion of brilliance
 k - 5 potions of curing
 p - a potion of lignification
 u - a potion of cancellation
 B - a potion of might
 H - a potion of berserk rage
 I - a potion of degeneration
 J - 2 potions of haste
Books
 b - a book of Changes

   Spells                             Type                      Level
   a - Beastly Appendage              Transmutation                1
   b - Sticks to Snakes               Transmutation                2
   c - Spider Form                    Transmutation/Poison         3
   d - Ice Form                       Ice/Transmutation            4
   e - Blade Hands                    Transmutation                5
 K - a book of Death

   Spells                             Type                      Level
   a - Corpse Rot                     Necromancy                   2
   b - Sublimation of Blood           Necromancy                   2
   c - Agony                          Necromancy                   5
   d - Dispel Undead                  Necromancy                   5
   e - Excruciating Wounds            Charms/Necromancy            5
   f - Bolt of Draining               Conjuration/Necromancy       5
Comestibles
 c - 9 bread rations
 h - 3 meat rations
 s - a chunk of flesh
 E - 12 fruits
 F - 4 slices of pizza


   Skills:
 + Level 7.1 Fighting
 * Level 7.4 Dodging
 - Level 7.6 Unarmed Combat
 + Level 6.6 Spellcasting
 + Level 9.8 Transmutations
 - Level 2.0 Ice Magic
 + Level 1.6 Invocations


You had 8 spell levels left.
You knew the following spells:

 Your Spells              Type           Power        Failure   Level  Hunger
a - Beastly Appendage     Trmt           ######       1%          1    None
b - Sticks to Snakes      Trmt           ######..     1%          2    None
c - Spider Form           Trmt/Pois      ####......   3%          3    #......
d - Ice Form              Ice/Trmt       ####....     10%         4    ###....
e - Blade Hands           Trmt           ######....   4%          5    #####..


Dungeon Overview and Level Annotations

Branches:
Dungeon (11/15)            Temple (1/1) D:5
   Lair: D:8-11         Orc: D:9-12

Altars:
Ashenzari
Cheibriados
Dithmenos
Elyvilon
Fedhas
Gozag
Kikubaaqudgha
Makhleb
Nemelex Xobeh
Okawaru
Pakellas
Qazlal
Ru
Sif Muna
Trog
Vehumet
Xom
Yredelemnul
Zin
The Shining One

Annotations:
D:8 exclusion: hydra
D:9 1 exclusion


Innate Abilities, Weirdness & Mutations

You cannot wear most types of armour.
You are amphibious.
You can wear up to eight rings at the same time.
((You can use your tentacles to constrict eight enemies at once.))
((Your skin changes colour to match your surroundings (Stealth).))
((Your rubbery body absorbs attacks (AC +1).))
((One of your tentacles bears a spike.))
You are agile. (Dex +2)
((Your flesh is heat resistant.))
You are resistant to hostile enchantments.
You occasionally shout uncontrollably at your foes.


Message History

It was a potion of beneficial mutation.
You feel resistant to heat.
You feel fantastic!
Your adder bites the four-headed hydra.
The four-headed hydra completely misses you. x2
The four-headed hydra bites you!
* * * LOW HITPOINT WARNING * * *
The four-headed hydra completely misses you.
Your adder barely misses the four-headed hydra.
Unknown command.
Drink which item? (? for menu, Esc to quit)
Okay, then.
Read which item? (? for menu, Esc to quit)
Okay, then.
Casting: Spider Form
Confirm with . or Enter, or press ? or * to list all spells.
Your transformation has ended.
You turn into a creature of crystalline ice.
Your adder withers and dies!
The four-headed hydra bites you!
You die...

###### .....# ....#
...####### .. #........#...
####........#..
+..'........... #D.......#
. #.Y......# ... #........#
≈.≈..#########........####
≈...h........(†.........>..
≈....#.#######........#####
.≈≈ #. #.[......# ≈ ..
#........# ... #........###
.... #######....#


You could see a four-headed hydra.

Vanquished Creatures
  A cyclops (D:11)
  An ugly thing (D:11)
  A komodo dragon (D:9)
  A troll (D:9)
  Eustachio (D:4)
  A hippogriff (D:8)
  A hungry ghost (D:11)
  8 yaks
  A water moccasin (D:10)
  2 orc warriors
  3 sky beasts
  A black bear (D:10)
  2 necrophages (D:8)
  2 ice beasts
  A phantom (D:4)
  4 ogres
  A wolf (D:11)
  8 centaurs
  4 big kobolds (D:9)
  6 giant frogs
  2 scorpions
  9 killer bees (D:9)
  4 crimson imps
  A giant frog zombie (D:5)
  10 hounds
  4 orc priests
  A giant frog skeleton (D:4)
  3 jellies
  2 orc wizards
  Natasha (thrice) (D:2)
  2 iguanas
  9 worker ants
  2 sheep (D:9)
  A hound zombie (D:5)
  A hound skeleton (D:8)
  2 worker ant zombies (D:9)
  8 gnolls
  4 adders
  2 oozes
  2 adder skeletons (D:6)
  3 worms
  2 dart slugs
  5 giant geckos
  19 orcs
  2 ball pythons
  3 giant cockroaches
  9 hobgoblins
  15 jackals
  6 quokkas
  3 bats
  7 giant newts
  4 goblins
  15 kobolds
  2 rats (D:2)
217 creatures vanquished.

Vanquished Creatures (collateral kills)
  4 yaks (D:10)
  An eye of draining (D:9)
  2 phantoms
  A big kobold (D:11)
  A jelly (D:5)
  2 killer bees (D:9)
  A hound (D:9)
  An orc priest (D:10)
  An orc wizard (D:9)
  An iguana (D:6)
  An adder (D:11)
  A worm (D:4)
  2 orcs
  A jackal (D:4)
  2 kobolds (D:11)
22 creatures vanquished.

Vanquished Creatures (others)
  A hill giant (D:11)
1 creature vanquished.

Grand Total: 240 creatures vanquished

Notes
Turn   | Place    | Note
--------------------------------------------------------------
     0 | D:1      | oplop the Octopode Transmuter began the quest for the Orb.
     0 | D:1      | Reached XP level 1. HP: 13/13 MP: 3/3
   316 | D:1      | Reached XP level 2. HP: 18/18 MP: 5/5
   320 | D:1      | Learned a level 2 spell: Sticks to Snakes
   713 | D:2      | Reached XP level 3. HP: 18/24 MP: 6/6
   936 | D:2      | Found an iron altar of Okawaru.
  1095 | D:2      | Noticed Natasha
  1143 | D:2      | Killed Natasha
  1143 | D:2      | Reached XP level 4. HP: 21/29 MP: 7/7
  1265 | D:2      | Noticed Natasha
  1279 | D:2      | Killed Natasha
  1279 | D:2      | Reached skill level 3 in Transmutations
  1441 | D:2      | Found a blossoming altar of Fedhas.
  1479 | D:2      | Noticed Natasha
  1484 | D:2      | Killed Natasha
  1484 | D:2      | Reached XP level 5. HP: 30/34 MP: 9/9
  1618 | D:3      | Found an opulent altar of Gozag.
  1641 | D:3      | Found a shattered altar of Ashenzari.
  1998 | D:3      | Found an ancient bone altar of Kikubaaqudgha.
  2723 | D:4      | Noticed Eustachio
  2824 | D:4      | Found a radiant altar of Vehumet.
  2837 | D:4      | Noticed an ogre
  2844 | D:4      | Learned a level 3 spell: Spider Form
  2855 | D:4      | Killed an ogre
  2855 | D:4      | Reached skill level 4 in Transmutations
  2855 | D:4      | Reached XP level 6. HP: 28/41 MP: 10/10
  2971 | D:4      | Killed Eustachio
  2971 | D:4      | Reached XP level 7. HP: 22/45 MP: 6/12
  3422 | D:4      | Reached skill level 5 in Transmutations
  3461 | D:5      | Entered Level 5 of the Dungeon
  3742 | D:5      | Found a staircase to the Ecumenical Temple.
  3778 | Temple   | Entered the Ecumenical Temple
  3866 | Temple   | Learned a level 4 spell: Ice Form
  3967 | D:5      | Reached XP level 8. HP: 23/52 MP: 13/13
  3989 | D:5      | Reached skill level 5 in Unarmed Combat
  4429 | D:5      | Found a blossoming altar of Fedhas.
  4452 | D:5      | Reached skill level 1 in Ice Magic
  4823 | D:6      | Reached skill level 6 in Transmutations
  5132 | D:6      | Noticed a hill giant
  5946 | D:6      | Reached XP level 9. HP: 18/58 MP: 15/15
  6887 | D:7      | Reached skill level 7 in Transmutations
  7337 | D:8      | Noticed a six-headed hydra
  7404 | D:8      | Gained mutation: Your spells are a little easier to cast, but a little less powerful. [potion of mutation]
  7404 | D:8      | Gained mutation: Your magical capacity is low (-10% MP). [potion of mutation]
  7405 | D:8      | Lost mutation: Your magical capacity is low (-10% MP). [potion of cure mutation]
  7405 | D:8      | Lost mutation: Your spells are a little easier to cast, but a little less powerful. [potion of cure mutation]
  7418 | D:8      | Reached skill level 5 in Dodging
  7594 | D:8      | You fall through a shaft!
  7746 | D:9      | Reached skill level 5 in Spellcasting
  7765 | D:9      | Noticed a komodo dragon
  7885 | D:8      | Reached skill level 5 in Fighting
  8375 | D:9      | Reached skill level 8 in Transmutations
  8583 | D:9      | Noticed a troll
  8588 | D:9      | Killed a troll
  8588 | D:9      | Reached XP level 10. HP: 52/65 MP: 18/18
  8786 | D:9      | Gained mutation: One of your tentacles bears a spike. [potion of mutation]
  8786 | D:9      | Lost mutation: One of your tentacles bears a spike. [potion of mutation]
  8786 | D:9      | Gained mutation: You are resistant to hostile enchantments. [potion of mutation]
  8787 | D:9      | Gained mutation: You occasionally shout uncontrollably at your foes. [potion of mutation]
  8787 | D:9      | Gained mutation: One of your tentacles bears a spike. [potion of mutation]
  8787 | D:9      | Gained mutation: You are agile. (Dex +2) [potion of mutation]
  9172 | D:9      | Noticed a three-headed hydra
  9290 | D:9      | Reached skill level 9 in Transmutations
  9335 | D:10     | Entered Level 10 of the Dungeon
 10219 | D:9      | Learned a level 5 spell: Blade Hands
 10414 | D:8      | Found a snail-covered altar of Cheibriados.
 10414 | D:8      | Found a sacrificial altar of Ru.
 10420 | D:8      | Became a worshipper of Cheibriados the Contemplative
 10505 | D:10     | Reached XP level 11. HP: 45/74 MP: 20/20
 10932 | D:11     | Noticed a cyclops
 11031 | D:11     | Noticed a purple ugly thing
 11113 | D:11     | Noticed a hill giant
 11122 | D:11     | Killed a hill giant
 11131 | D:11     | Killed a cyclops
 11131 | D:11     | Reached skill level 1 in Invocations
 11252 | D:11     | Reached * piety under Cheibriados
 11517 | D:11     | Killed a purple ugly thing
 11543 | D:11     | Noticed a four-headed hydra
 11548 | D:11     | Gained mutation: Your flesh is heat resistant. [potion of beneficial mutation]
 11549 | D:11     | Mangled by a four-headed hydra

Skill      XL: |  1  2  3  4  5  6  7  8  9 10 11 |
---------------+----------------------------------+-----
Fighting       | 2 3 4 5 6 7 |  7.1
Transmutations | 3 4 5 6 8 9 |  9.8
Dodging        | 3 4 5 6 7 |  7.4
Unarmed Combat | 4 5 6 7 |  7.6
Spellcasting   | 3 4 5 6 |  6.6
Ice Magic      | 2 |  2.0
Invocations    | 1 |  1.6

Action                   |  1- 3 |  4- 6 |  7- 9 | 10-12 || total
-------------------------+-------+-------+-------+-------++-------
Melee: Unarmed           |    60 |    86 |   367 |   270 ||   783
       Constrict         |    16 |    16 |    24 |     8 ||    64
       Tentacles         |    12 |    12 |    16 |     7 ||    47
       Kick              |     8 |    13 |    14 |    14 ||    49
       Punch             |       |     2 |     7 |     4 ||    13
 Cast: Beastly Appendage |     9 |    22 |     9 |       ||    40
       Sticks to Snakes  |       |     6 |    33 |    24 ||    63
       Spider Form       |       |     2 |    35 |    14 ||    51
       Ice Form          |       |       |     7 |    17 ||    24
Evoke: Wand              |       |       |       |     2 ||     2
  Use: Scroll            |       |       |    24 |     2 ||    26
       Potion            |       |       |     2 |     7 ||     9
 Stab: Sleeping          |     7 |     2 |     3 |       ||    12
       Distracted        |       |       |       |     4 ||     4
  Eat: Chunk             |     1 |     6 |     7 |     7 ||    21
       Pizza             |       |       |     1 |     2 ||     3
       Beef jerky        |       |       |     2 |     2 ||     4
       Meat ration       |       |       |     1 |       ||     1
       Fruit             |       |       |     9 |       ||     9
       Royal jelly       |       |       |       |     1 ||     1
Armor: Skin              |     3 |    11 |    23 |    27 ||    64
Dodge: Dodged            |    39 |    96 |   326 |   252 ||   713
Block: Other             |       |       |       |     7 ||     7
       Reflection        |       |       |       |     2 ||     2
